Map: Sacrificio tropical

Players

Cham

  • Race: Zerg Zerg
  • Spawn Location: 1:00

Solar - Winner!

  • Race: Zerg Zerg
  • League: Master
  • Spawn Location: 7:00

Event: HomeStory Cup XXII

VOD

Have the link to the VOD?

Description

Time

  • Played on: Dec. 15, 2022, 10:57 a.m.
  • Length: 4:50

All games in this series

Show
View Real Time Build Order
Export as new Build Order

Cham Zerg 

Build Orders: Pool First 

Get SALT Encoding   

  12  0:00  Drone  
  13  0:26  Spawning Pool  
  12  0:34  Extractor  
  11  0:50  Hatchery  
  10  1:13  Zergling x6  
  13  1:25  Zergling x2  
  14  1:34  Metabolic Boost  
  14  1:55  Overlord  
  14  2:05  Zergling x2  
  17  2:13  Zergling x2  
  18  2:20  Zergling x2  
  19  2:26  Zergling x2  
  20  2:31  Zergling x6  
  20  2:35  Zergling x2  
  20  2:36  Zergling x2  
  23  2:45  Zergling x2  
  23  2:46  Zergling x2  
  25  2:56  Zergling x4  
  26  3:07  Zergling x2  
  24  3:16  Zergling x2  
  24  3:19  Zergling x2  
  24  3:25  Zergling x2  
  20  3:42  Baneling Nest  
  15  3:52  Zergling x4  
  13  4:11  Zergling x4  
  15  4:19  Zergling x2  
  15  4:20  Zergling x2  
  17  4:29  Baneling x2  
  17  4:33  Zergling x2  
Show
View Real Time Build Order
Export as new Build Order

Solar Zerg - Winner!

Build Orders: Hatch First 

Get SALT Encoding   

  12  0:00  Drone  
  13  0:12  Overlord  
  13  0:17  Drone  
  14  0:31  Drone x2  
  16  0:48  Hatchery  
  15  0:51  Drone  
  15  0:55  Drone  
  17  0:59  Drone  
  18  1:09  Extractor  
  17  1:14  Spawning Pool  
  17  1:17  Drone  
  17  1:21  Drone  
  18  1:29  Drone  
  19  1:39  Drone  
  20  1:52  Drone  
  21  2:01  Queen x2  
  21  2:03  Zergling x2  
  21  2:04  Overlord  
  26  2:12  Metabolic Boost, Drone x2  
  28  2:23  Drone x2  
  30  2:36  Hatchery  
  29  2:40  Zergling x2  
  30  2:52  Zergling x6, Baneling Nest  
  30  2:55  Queen, Overlord  
  30  2:57  Zergling x2  
  35  3:07  Zergling x2  
  35  3:09  Zergling x2  
  35  3:12  Zergling x2  
  36  3:15  Zergling x2  
  36  3:16  Zergling x2  
  37  3:25  Zergling x2  
  30  3:29  Zergling x2  
  24  3:34  Zergling x2  
  24  3:38  Baneling  
  24  3:45  Zergling x2  
  23  3:52  Baneling  
  23  3:54  Zergling x2  
  24  3:58  Zergling x2  
  24  4:01  Zergling x2  
  25  4:05  Zergling x2  
  25  4:09  Zergling x2  
  27  4:12  Baneling  
  27  4:15  Zergling x2  
  28  4:21  Zergling x4  
  28  4:24  Baneling  
  30  4:27  Zergling x2  
  31  4:32  Zergling x2  
Tags
 
Add a new tag
Caveats
  • Supply blocks, unpowered buildings, or Contaminate may cause inaccurate times.
  • Supply counts are checked every 10 seconds.